 Dungeon Crawl Stone Soup version 0.31-a0-204-g7da18cac08 (webtiles) character file.

Game seed: 6263914604669134373

214 qw the Skirmisher (level 5, 0/30 HPs)
             Began as a Deep Elf Hunter on June 27, 2023.
             Frozen to death by an endoplasm (5 damage)
             ... on level 4 of the Dungeon.
             The game lasted 00:00:59 (2072 turns).

qw the Skirmisher (Deep Elf Hunter)                 Turns: 2072, Time: 00:01:00

Health: 0/30       AC:  5    Str: 10    XL:     5   Next: 60%
Magic:  7/7        EV: 11    Int: 14    God:
Gold:   106        SH:  0    Dex: 18    Spells: 4/4 levels left

rFire   . . .        Y - +1 shortbow
rCold   . . .        (shield currently unavailable)
rNeg    . . .        g - +0 ring mail
rPois   .            (no helmet)
rElec   .            (no cloak)
rCorr   .            (no gloves)
SInv    .            (no boots)
Will    .....        (no amulet)
Stlth   +            (no ring)
HPRegen 0.25/turn    (no ring)
MPRegen 0.10/turn

%: no passive effects
@: no status effects
A: no striking features
a: no special abilities


You were on level 4 of the Dungeon.
You visited 1 branch of the dungeon, and saw 4 of its levels.

You collected 106 gold pieces.


   Skills:
 + Level 1.8 Fighting
 - Level 9.0 Ranged Weapons
 - Level 2.4 Dodging
 - Level 1.2 Stealth


You had 4 spell levels left.
You didn't know any spells.
Your spell library was empty.

Inventory:

Hand Weapons
 Y - a +1 shortbow (weapon)
Armour
 g - a +0 ring mail (worn)
Scrolls
 a - a scroll of identify
Potions
 b - a potion of curing
 c - a potion of heal wounds {unknown}
 d - a potion of haste {unknown}
 e - a potion of might {unknown}
 h - a potion of enlightenment {unknown}

Dungeon Overview and Level Annotations

Branches:
Dungeon (4/15)
 Temple: D:4-7

Altars:
Kikubaaqudgha
Sif Muna


Message History

The orc hits you but does no damage. x2
You shoot an arrow. The arrow hits the orc.
The orc is almost dead.
The orc hits you with a +0 dagger. The orc hits you with a +0 whip.
You shoot an arrow. The arrow hits the orc.
You kill the orc!
The orc barely misses you.
You shoot an arrow. The arrow closely misses the orc.
The orc barely misses you. The orc hits you but does no damage.
You shoot an arrow. The arrow barely misses the orc.
The orc hits you with a +0 hand axe. The orc misses you.
You shoot an arrow. The arrow barely misses the orc.
The orc hits you but does no damage. The orc closely misses you.
You shoot an arrow. The arrow hits the orc.
The orc is lightly wounded.
The orc barely misses you. The orc hits you but does no damage.
You shoot an arrow.
The arrow hits the orc but does no damage.
The orc is lightly wounded.
The orc completely misses you. The orc barely misses you. x3
You shoot an arrow. The arrow hits the orc.
The orc is heavily wounded.
The orc hits you with a +0 hand axe. The orc hits you with a +0 whip.
You shoot an arrow.
The arrow hits the orc but does no damage.
The orc is heavily wounded.
The orc barely misses you. The orc hits you but does no damage.
You shoot an arrow. The arrow hits the orc.
The orc is severely wounded.
The orc closely misses you. The orc barely misses you.
You shoot an arrow. The arrow closely misses the orc.
The orc hits you with a +0 hand axe. The orc completely misses you.
You shoot an arrow. The arrow hits the orc.
You kill the orc!
The orc hits you with a +0 whip.
You shoot an arrow. The arrow hits the endoplasm.
The endoplasm is moderately wounded.
The endoplasm freezes you.
You are frozen.
You die...

#############.##.######.#
#......######.#
#.#.#####.....# #.#.#
#.##### # #.# #.#
..#####.######
#..####>........#
...)..Jo....###.#
####@##..# #.# #)##..#
#.# #.##..# #.# #.#...#
#(# #.#..####.##
#.#..###.#.##
#.#.....###.# #
#.#.####.#.## #.
#....####.##


You could see an orc and an endoplasm.

Vanquished Creatures
  A centaur (D:4)
  A hound (D:4)
  2 adders
  4 worms
  2 dart slugs
  8 orcs
  3 bats
  6 endoplasms
  2 giant cockroaches
  4 hobgoblins
  7 kobolds
  3 quokkas
  7 ball pythons
  4 frilled lizards
  7 goblins
  6 rats
67 creatures vanquished.

Notes
Turn   | Place    | Note
-------+----------+-------------------------------------------
     0 | D:1      | qw the Deep Elf Hunter began the quest for the Orb.
     0 | D:1      | Reached XP level 1. HP: 12/12 MP: 3/3
     0 | D:1      | 0 ||| qw: Version: 0.3-a-22-g0ed2b0b
     0 | D:1      | 0 ||| qw: Game counter: 6357
     0 | D:1      | 0 ||| qw: Melee chars always use a shield: true
     0 | D:1      | 0 ||| qw: God list: Okawaru
     0 | D:1      | 0 ||| qw: Allow faded altars: false
     0 | D:1      | 0 ||| qw: Do Orc after clearing Dungeon:15 true
     0 | D:1      | 0 ||| qw: Do second Lair branch before Depths: true
     0 | D:1      | 0 ||| qw: Lair rune preference: random
     0 | D:1      | 0 ||| qw: Goals: Normal
     0 | D:1      | 0 ||| PLANNING D:1-11
   159 | D:1      | Reached XP level 2. HP: 16/16 MP: 4/4
   203 | D:1      | Reached skill level 6 in Ranged Weapons
   432 | D:1      | 432 ||| UPGRADING to +0 ring mail.
   442 | D:1      | 442 ||| DROPPING +0 leather armour.
   443 | D:1      | 443 ||| READING 3 scrolls labelled CUBUYSCH NYGGEMMAE.
   444 | D:1      | 444 ||| READING scroll labelled HEPTOIPSETZ.
   445 | D:1      | 445 ||| READING 2 scrolls of identify.
   445 | D:1      | 445 ||| IDENTIFYING clear potion
   446 | D:1      | 446 ||| DROPPING scroll of butterflies.
   447 | D:1      | 447 ||| DROPPING potion of brilliance.
   700 | D:2      | Reached XP level 3. HP: 20/20 MP: 5/5
   751 | D:2      | Reached skill level 7 in Ranged Weapons
   831 | D:2      | Found a faded altar of an unknown god.
  1039 | D:2      | 1039 ||| READING scroll labelled OLANOZ WOMN.
  1043 | D:2      | 1043 ||| READING scroll labelled XEMUL ONAG.
  1044 | D:2      | 1044 ||| READING scroll labelled VAAPIO TULUKK.
  1069 | D:3      | Found an ancient bone altar of Kikubaaqudgha.
  1296 | D:3      | Reached XP level 4. HP: 25/25 MP: 6/6
  1324 | D:3      | 1324 ||| FLEEEEING.
  1325 | D:3      | 1325 ||| FLEEEEING.
  1370 | D:3      | Found a shimmering blue altar of Sif Muna.
  1708 | D:3      | 1708 ||| DROPPING +0 leather armour of cold resistance.
  1709 | D:3      | 1709 ||| READING scroll labelled YVYPAYCRA JAOLE.
  1710 | D:3      | 1710 ||| DRINKING 2 yellow potions.
  1711 | D:3      | 1711 ||| READING 2 scrolls of identify.
  1711 | D:3      | 1711 ||| IDENTIFYING viscous amethyst potion
  1712 | D:3      | 1712 ||| DROPPING potion of invisibility.
  1766 | D:4      | Reached skill level 8 in Ranged Weapons
  2021 | D:4      | Noticed a centaur
  2032 | D:4      | Killed a centaur
  2033 | D:4      | Reached skill level 9 in Ranged Weapons
  2033 | D:4      | Reached XP level 5. HP: 21/29 MP: 7/7
  2035 | D:4      | 2035 ||| FLEEEEING.
  2036 | D:4      | 2036 ||| FLEEEEING.
  2037 | D:4      | 2037 ||| FLEEEEING.
  2038 | D:4      | 2038 ||| FLEEEEING.
  2039 | D:4      | 2039 ||| FLEEEEING.
  2040 | D:4      | 2040 ||| FLEEEEING.
  2041 | D:4      | 2041 ||| FLEEEEING.
  2043 | D:4      | 2043 ||| FLEEEEING.
  2044 | D:4      | 2044 ||| FLEEEEING.
  2045 | D:4      | 2045 ||| FLEEEEING.
  2046 | D:4      | 2046 ||| FLEEEEING.
  2047 | D:4      | 2047 ||| FLEEEEING.
  2048 | D:4      | 2048 ||| FLEEEEING.
  2049 | D:4      | 2049 ||| FLEEEEING.
  2050 | D:4      | 2050 ||| FLEEEEING.
  2051 | D:4      | 2051 ||| FLEEEEING.
  2071 | D:4      | HP: 5/30 [orc/+0 whip (5)]
  2072 | D:4      | Frozen to death by an endoplasm

Levels and vault maps discovered:
D:1:      tarquinn_simple_flora_water_e, layout_basic, amcnicky_mini_pool_small,
          chequers_serial_rivers_room_a
D:2:      layout_basic, chequers_ecumenical_altar_island
D:3:      layout_loops_ring, kiku_gazebo_garden_becter,
          mainiacjoe_overflow_boulevard
D:4:      layout_loops_ring, minmay_misc_feat_pillars, nicolae_shop_vocational

Skill      XL: |  1  2  3  4 |
---------------+-------------+-----
Ranged Weapons | 6 7 9 |  9.0
Fighting       | |  1.8
Dodging        | |  2.4
Stealth        | |  1.2

Action                     |  1- 3 |  4- 6 || total
---------------------------+-------+-------++-------
   Fire: Shortbow          |   120 |    84 ||   204
    Use: Scroll            |     6 |     2 ||     8
         Potion            |       |     1 ||     1
 Armour: Ring mail         |     2 |    20 ||    22
  Dodge: Dodged            |     6 |    32 ||    38

Table legend:
 A = Non-vault XP
 B = Vault XP
 C = Vault XP percentage of total XP
 D = Non-vault monster count
 E = Vault monster count
 F = Vault count percentage of total count
                 A         B        C        D         E       F
            +---------+---------+-------+---------+---------+-------
      Total |     307 |       0 |   0.0 |      67 |       0 |   0.0
            +---------+---------+-------+---------+---------+-------
        D:1 |      31 |       0 |   0.0 |      20 |       0 |   0.0
        D:2 |      46 |       0 |   0.0 |      17 |       0 |   0.0
        D:3 |      42 |       0 |   0.0 |      14 |       0 |   0.0
        D:4 |     188 |       0 |   0.0 |      16 |       0 |   0.0
            +---------+---------+-------+---------+---------+-------
